 Dungeon Crawl Stone Soup version 0.14-a0-2443-g5aee772 (webtiles) character file.

64 4tharraofdagon the Firebug (level 2, -12/23 HPs)
             Began as a Djinni Fire Elementalist on Feb 6, 2014.
             Was an Initiate of Vehumet.
             Killed from afar by an orc (30 damage)
             ... with a wand of cold
             ... on Level 3 of the Dungeon.
             The game lasted 00:03:50 (781 turns).

4tharraofdagon the Firebug (DjFE)                    Turns: 781, Time: 00:03:50

HP -12/23        AC  3     Str  8      XL: 2   Next: 79%
MP   0/0         EV 10     Int 15      God: Vehumet [......]
Gold 40          SH  0     Dex 13      Spells:  1 memorised,  5 levels left

rFire  + + +     SeeInvis .     d - +0 short sword
rCold  x . .     Clarity  .     n - +0 orc leather armour
rNeg   + + +     Conserve .     (no shield)
rPois  .         rCorr    .     (no helmet)
rElec  .         rRot     .     (no cloak)
SustAb . .       Spirit   .     (no gloves)
rMut   .         Warding  .     (boots unavailable)
Saprov . . .     Stasis   .     (no amulet)
MR     .....                    l - ring of protection from fire {unknown}
                                k - cursed ring of hunger {unknown}

@: flying, not resistant to hostile enchantments, unstealthy
A: fire immunity, cold vulnerability, life protection 3
a: Renounce Religion


You were on level 3 of the Dungeon.
You worshipped Vehumet.
Vehumet was noncommittal.
You were not hungry.

You visited 1 branch of the dungeon, and saw 4 of its levels.

You collected 40 gold pieces.

Inventory:

Hand weapons
 d - a +0,+0 short sword (weapon)
Armour
 a - a +0 robe
 n - a +0 orcish leather armour (worn)
Scrolls
 c - 2 scrolls of identify {unknown}
 e - a scroll of recharging {unknown}
 f - a scroll of random uselessness {unknown}
 g - a scroll of enchant weapon II {unknown}
 h - 2 scrolls of immolation {unknown}
 i - a scroll of fog {unknown}
 j - a scroll of noise {unknown}
Jewellery
 k - a cursed ring of hunger (left hand) {unknown}
 l - a ring of protection from fire (right hand) {unknown}
Potions
 m - 2 potions of might {unknown}
 o - 2 potions of mutation {unknown}
Books
 b - a book of Flames

   Spells                             Type                      Level
   *Flame Tongue                      Conjuration/Fire             1
   Throw Flame                        Conjuration/Fire             2
   Conjure Flame                      Conjuration/Fire             3
   Inner Flame                        Hexes/Fire                   3
   Sticky Flame                       Conjuration/Fire             4
   Fireball                           Conjuration/Fire             5


   Skills:
 + Level 0.6 Fighting
 - Level 1.7 Dodging
 - Level 1.5 Stealth
 + Level 2.7 Spellcasting
 * Level 2.0 Conjurations
 * Level 4.5 Fire Magic


You had 5 spell levels left.
You knew the following spells:

 Your Spells              Type           Power        Failure   Level  Hunger
a - Flame Tongue          Conj/Fire      ##...        8%          1    #......


Dungeon Overview and Level Annotations

Branches:
Dungeon (4/16)
 Temple: D:4-7

Altars:
Elyvilon
Trog
Vehumet
Yredelemnul

Annotations:
D:4 Grinder


Innate Abilities, Weirdness & Mutations

You are immune to all types of fire, even holy and hellish.
You are vulnerable to cold.
You need no food.
You have no legs.
You are immune to negative energy.


Message History

Confirm with . or Enter, or press ? or * to list all spells.
Aiming: Flame Tongue
Press: ? - help, Shift-Dir - straight line, f - kobold
Aim: a kobold The flame hits the kobold.
The kobold is severely wounded.
You are very lightly contaminated with residual magic.
Your magical contamination has completely faded away.
You miss the kobold.
The kobold is severely wounded.
The kobold barely misses you.
You completely miss the kobold.
The kobold is severely wounded.
The kobold hits you.
You barely miss the kobold.
The kobold is severely wounded.
The kobold hits you. The kobold hits you but does no damage.
The orc zaps a wand.
The bolt of cold hits you!
You feel a terrible chill!
Ouch! That really hurt!
You die...

#.# .# #.# ## #.#### ##.#
... ..#. #.##.. ...# ...
.... #.##.# #..# ... ..#.
###.##.# #..# #.# #......#
#..# #.# #.#.##.# #.# #.#
#.#)##.#####.#####.##.#####
#.#.##........(.@.o........
#.#.#####..#####..K........
#.#(# #..# #.#########
..#.#####..# #.#
###(.......# #.# #
###.###### #.# # #.# #.# #
#.# #.# # #.# #.#


You could see an orc and a kobold.

Vanquished Creatures
  3 orcs (D:3)
  A bat (D:3)
  A giant cockroach (D:1)
  2 hobgoblins
  4 jackals
  2 giant newts (D:2)
  3 goblins
  2 kobolds
  3 rats
21 creatures vanquished.

Notes
Turn   | Place    | Note
--------------------------------------------------------------
     0 | D:1      | 4tharraofdagon, the Djinni Fire Elementalist, began the quest for the Orb.
     0 | D:1      | Reached XP level 1. HP: 14/14 MP: 0/0
   139 | D:2      | Found a basalt altar of Yredelemnul.
   142 | D:2      | Found a white marble altar of Elyvilon.
   154 | D:2      | Found a bloodstained altar of Trog.
   160 | D:2      | Found a radiant altar of Vehumet.
   164 | D:2      | Became a worshipper of Vehumet
   426 | D:2      | Reached XP level 2. EP: 16/23
   576 | D:3      | Noticed a crimson imp
   717 | D:4      | Noticed Grinder
   781 | D:3      | Killed from afar by an orc

Action                   || total
-------------------------++-------
Melee: Short sword       ||    21
 Cast: Flame Tongue      ||    33
 Stab: Sleeping          ||     1
